 Dungeon Crawl Stone Soup version 0.31.0-9-g3a7656b989 (webtiles) character file.

Game seed: 13120023213311861201

51 qw the Shooter (level 3, -1/20 HPs)
             Began as a Deep Elf Hunter on Feb 2, 2024.
             Slain by Ijyb
             ... wielding a +0 club
              (6 damage)
             ... on level 3 of the Dungeon.
             The game lasted 00:00:03 (1748 turns).

qw the Shooter (Deep Elf Hunter)                    Turns: 1748, Time: 00:00:04

Health: -1/20      AC:  4    Str:  8 (10) XL:     3   Next: 57%
Magic:  5/5        EV: 12    Int: 11 (13) God:
Gold:   96         SH:  0    Dex: 17 (18) Spells: 2/2 levels left

rFire   . . .        a - +0 shortbow
rCold   . . .        (shield currently unavailable)
rNeg    . . .        c - +0 leather armour
rPois   .            (no helmet)
rElec   .            (no cloak)
rCorr   .            (no gloves)
SInv    .            k - +0 pair of boots
Will    .....        (no amulet)
Stlth   ++           (no ring)
HPRegen 0.23/turn    (no ring)
MPRegen 0.09/turn

%: no passive effects
@: about to teleport
A: no striking features
a: no special abilities


You were on level 3 of the Dungeon.
You visited 1 branch of the dungeon, and saw 3 of its levels.

You collected 96 gold pieces.


   Skills:
 - Level 1.5 Fighting
 + Level 7.1 Ranged Weapons
 - Level 2.4 Dodging
 - Level 1.2 Stealth


You had 2 spell levels left.
You didn't know any spells.
Your spell library was empty.

Inventory:

Hand Weapons
 a - a +0 shortbow (weapon)
Armour
 c - a +0 leather armour (worn)
 d - a +0 ring mail
 k - a +0 pair of boots (worn)
Scrolls
 g - a scroll of fog {unknown}
Potions
 b - a potion of enlightenment
 e - a potion of brilliance {unknown}
 h - a potion of resistance
 i - a potion of invisibility {unknown}
 n - a potion of curing {unknown}

Dungeon Overview and Level Annotations

Branches:
Dungeon (3/15)

Altars:
Makhleb

Shops:
D:2 :

Annotations:
D:3 Ijyb


Message History

You shoot an arrow. The arrow hits the rat.
You kill the rat!
Found an escape hatch in the floor.
There is an escape hatch in the floor here.
You open the door.
There is an open door here.
You open the door.
There is an open door here.
You open the door.
A frilled lizard comes into view.
You shoot an arrow. The arrow hits the frilled lizard.
You kill the frilled lizard!
Found a stone staircase leading down.
You open the door.
There is an open door here.
You open the door.
There is an open door here.
There is a stone staircase leading down here.
You open the door.
Ijyb the Twisted Goblin comes into view.
She is wielding a +0 club and carrying a wand of flame.
Found a clear potion.
You shoot an arrow. The arrow hits Ijyb!
Ijyb shouts!
Ijyb is moderately wounded.
You shoot an arrow. The arrow hits Ijyb but does no damage.
Ijyb is moderately wounded.
Ijyb zaps a wand.
The puff of flame hits you!
You shoot an arrow. The arrow hits Ijyb but does no damage.
Ijyb is moderately wounded.
You shoot an arrow. The arrow hits Ijyb!
Ijyb is severely wounded.
Ijyb hits you with a +0 club.
You shoot an arrow. The arrow hits Ijyb but does no damage.
Ijyb is severely wounded.
Ijyb hits you with a +0 club.
1748 ||| READING scroll of teleportation.
As you read the scroll of teleportation, it crumbles to dust.
You feel strangely unstable. Ijyb hits you with a +0 club.
You die...

###### #....# #....#
### ####....########
.... #..'....'.......
..... #.##....########
....!.###.##....#
......g@>.......#
......#########.#
..... #######.#
#########....##.##
......'........+
###########....###.#
.....................
........###########..#
#######'## #...


You could see Ijyb.

Vanquished Creatures
  3 adders
  A dart slug (D:2)
  An orc (D:3)
  2 bats
  5 endoplasms
  2 goblins
  2 hobgoblins
  A ball python (D:1)
  2 frilled lizards
  3 rats
22 creatures vanquished.

Notes
Turn   | Place    | Note
-------+----------+-------------------------------------------
     0 | D:1      | qw the Deep Elf Hunter began the quest for the Orb.
     0 | D:1      | Reached XP level 1. HP: 12/12 MP: 3/3
     0 | D:1      | 0 ||| qw: Version: 0.3-a-155-g5e7d8dd
     0 | D:1      | 0 ||| qw: Game counter: 657
     0 | D:1      | 0 ||| qw: Melee chars always use a shield: true
     0 | D:1      | 0 ||| qw: God list: Okawaru
     0 | D:1      | 0 ||| qw: Allow faded altars: false
     0 | D:1      | 0 ||| qw: Do Orc after clearing Dungeon:15 true
     0 | D:1      | 0 ||| qw: Do second Lair branch before Depths: true
     0 | D:1      | 0 ||| qw: Lair rune preference: random
     0 | D:1      | 0 ||| qw: Goals: Normal
     0 | D:1      | 0 ||| PLANNING D:1-11
   479 | D:1      | Reached skill level 6 in Ranged Weapons
   479 | D:1      | Reached XP level 2. HP: 16/16 MP: 4/4
   781 | D:1      | 781 ||| UPGRADING to +0 pair of boots.
   786 | D:1      | 786 ||| READING 2 scrolls labelled LAELA TANLOX.
   786 | D:1      | 786 ||| IDENTIFYING fizzy emerald potion
   787 | D:1      | 787 ||| READING scroll of identify.
   787 | D:1      | 787 ||| IDENTIFYING metallic clear potion
   788 | D:1      | 788 ||| READING scroll labelled HUOTSECRYE.
   789 | D:1      | 789 ||| READING scroll labelled XINWEC RUECWE.
   890 | D:1      | 890 ||| READING scroll labelled JIORUMN MUCE.
   991 | D:1      | 991 ||| READING scroll labelled LEMUIPHATT.
   996 | D:1      | 996 ||| DROPPING scroll of butterflies.
   997 | D:1      | 997 ||| DROPPING potion of ambrosia.
  1077 | D:2      | Found a burning altar of Makhleb.
  1290 | D:2      | Found a faded altar of an unknown god.
  1305 | D:2      | Reached XP level 3. HP: 20/20 MP: 5/5
  1455 | D:2      | Found Pejocwemn's Book Emporium.
  1541 | D:2      | 1541 ||| READING scroll of identify.
  1541 | D:2      | 1541 ||| IDENTIFYING blue potion
  1542 | D:2      | 1542 ||| DRINKING 2 sedimented amethyst potions.
  1543 | D:2      | 1543 ||| DROPPING potion of degeneration.
  1561 | D:3      | Reached skill level 7 in Ranged Weapons
  1742 | D:3      | Noticed Ijyb
  1747 | D:3      | HP: 4/20 [Ijyb/+0 club (6)]
  1748 | D:3      | 1748 ||| READING scroll of teleportation.
  1748 | D:3      | Slain by Ijyb

Levels and vault maps discovered:
D:1:      pf_arrival_petrified_forest, layout_basic
D:2:      layout_loops_cross, serial_shops, nicolae_shop_hallway_plus,
          basic_altar, basic_ecumenical_altar
D:3:      wad_crossroads, layout_basic, minitemple, uniq_terence, uniq_ijyb,
          uniq_jessica

Skill      XL: |  1  2  3 |
---------------+----------+-----
Ranged Weapons | 6 7 |  7.1
Fighting       | |  1.5
Dodging        | |  2.4
Stealth        | |  1.2

Action                     || total
---------------------------++-------
   Fire: Shortbow          ||    47
    Use: Scroll            ||     8
         Potion            ||     1
 Armour: Leather armour    ||     7
  Dodge: Dodged            ||     7

Table legend:
 A = Non-vault XP
 B = Vault XP
 C = Vault XP percentage of total XP
 D = Non-vault monster count
 E = Vault monster count
 F = Vault count percentage of total count
                 A         B        C        D         E       F
            +---------+---------+-------+---------+---------+-------
      Total |      71 |       2 |   2.7 |      21 |       1 |   4.5
            +---------+---------+-------+---------+---------+-------
        D:1 |      18 |       0 |   0.0 |      11 |       0 |   0.0
        D:2 |      35 |       0 |   0.0 |       6 |       0 |   0.0
        D:3 |      18 |       2 |  10.0 |       4 |       1 |  20.0
            +---------+---------+-------+---------+---------+-------
